 Dungeon Crawl Stone Soup version 0.27.0-1-g7a089689b8 (webtiles) character file.

Game seed: 10285887837090049550

153 Sin92 the Skirmisher (level 5, -7/41 HPs)
             Began as a Demonspawn Fighter on Aug 9, 2021.
             Was an Initiate of Okawaru.
             Mangled by a gnoll (10 damage)
             ... on level 4 of the Dungeon.
             The game lasted 00:02:40 (2765 turns).

Sin92 the Skirmisher (Demonspawn Fighter)           Turns: 2765, Time: 00:02:41

Health: -7/41      AC:  6    Str: 17    XL:     5   Next: 12%
Magic:  5/5        EV: 11    Int:  9    God:    Okawaru [......]
Gold:   150        SH: 14    Dex: 13    Spells: 4/4 levels left

rFire    . . .     SeeInvis .   a - +0 war axe
rCold    . . .     Faith    .   c - +0 kite shield
rNeg     . . .     Spirit   .   b - +0 scale mail
rPois    .         Reflect  +   k - +0 hat
rElec    .         Harm     .   (no cloak)
rCorr    .         Rampage  .   (no gloves)
Will     .....                  (no boots)
Stlth    ..........             h - amulet of reflection
HPRegen  0.13/turn              j - +4 ring of evasion
MPRegen  0.18/turn              (no ring)

@: no status effects
A: hooves 1, horns 2, magic regeneration
a: Renounce Religion


You were on level 4 of the Dungeon.
You worshipped Okawaru.
Okawaru was noncommittal.
You visited 1 branch of the dungeon, and saw 4 of its levels.

You collected 150 gold pieces.

Inventory:

Hand Weapons
 a - a +0 war axe (weapon)
Armour
 b - a +0 scale mail (worn)
 c - a +0 kite shield (worn)
 e - a +0 plate armour
 k - a +0 hat (worn)
Jewellery
 h - an amulet of reflection (around neck)
 j - a +4 ring of evasion (left hand)
Potions
 d - 2 potions of might
 f - a potion of attraction {unknown}
 i - 2 potions of curing {unknown}


   Skills:
 + Level 3.6 Fighting
 * Level 3.1 Axes
 + Level 3.2 Armour
 + Level 1.4 Dodging
 + Level 3.2 Shields
 + Level 0.7 Invocations


You had 4 spell levels left.
You didn't know any spells.
Your spell library contained the following spells:

 Spells                   Type           Power      Damage    Failure   Level
 Freeze                   Ice            0%         1d3       99%         1
 Frozen Ramparts          Ice            0%         1d2       100%        3
 Ozocubu's Armour         Ice            0%         N/A       100%        3
 Hailstorm                Conj/Ice       0%         3d3       100%        4
 Ozocubu's Refrigeration  Ice            0%         4d5       100%        7


Dungeon Overview and Level Annotations

Branches:
Dungeon (4/15)
 Temple: D:4-7

Altars:
Fedhas
Okawaru
Wu Jian

Shops:
D:4 ?


Innate Abilities, Weirdness & Mutations

You have large cloven feet.
You have a pair of horns on your head.
You regenerate magic rapidly.


Message History

There are monsters nearby!
You barely miss the gnoll.
The gnoll is heavily wounded.
You block the gnoll's attack.
The gnoll hits you from afar with a +0 halberd!
Unknown command.
There are monsters nearby!
You barely miss the gnoll. Your kick misses the gnoll.
The gnoll is heavily wounded.
You block the gnoll's attack. x2; The gnoll hits you with a +0 flail.
You block the gnoll's attack.
Unknown command.
You slash the gnoll!
You kill the gnoll!
Okawaru accepts your kill.
The gnoll hits you from afar with a +0 halberd!
Unknown command.
There are monsters nearby!
You are too injured to fight recklessly!
Unknown command.
There are monsters nearby!
You are too injured to fight recklessly!
You are too injured to fight recklessly!
Unknown command.
There are monsters nearby!
You are too injured to fight recklessly!
Unknown command.
There are monsters nearby!
A gnoll comes into view. It is wielding a +0 flail.
The gnoll hits you from afar with a +0 halberd.
* * * LOW HITPOINT WARNING * * *
The gnoll closely misses you.
You closely miss the gnoll. You kick the gnoll.
The gnoll is moderately wounded.
The gnoll hits you with a +0 halberd!
* * * LOW HITPOINT WARNING * * *
You barely miss the gnoll. You kick the gnoll, but do no damage.
The gnoll is moderately wounded.
You block the gnoll's attack. The gnoll hits you with a +0 halberd!
You die...

♣...[..#)...#
.♣..........#
♣.........######
..........#....#
..........#.##.#######
...###....#.#.........
####>.....)...........
#.########..#######
####'## #.[.@gg)#
......#######.#####.#
......'...≈§≈§§ .g.
......####§###≈ .#..g
......# #. .. .#.....
####### # §. .# ....
.# ### ##


You could see a gnoll and a hobgoblin.

Vanquished Creatures
  A centaur skeleton (D:4)
  2 gnolls (D:4)
  3 adders
  2 dart slugs (D:1)
  An orc (D:4)
  8 ball pythons
  9 endoplasms
  2 giant cockroaches
  8 goblins
  4 hobgoblins
  4 jackals
  8 kobolds
  5 quokkas
  A bat (D:1)
  5 frilled lizards
  4 rats (D:1)
67 creatures vanquished.

Vanquished Creatures (others)
  3 plants (D:4)
3 creatures vanquished.

Grand Total: 70 creatures vanquished

Notes
Turn   | Place    | Note
-------+----------+-------------------------------------------
     0 | D:1      | Sin92 the Demonspawn Fighter began the quest for the Orb.
     0 | D:1      | Reached XP level 1. HP: 18/18 MP: 1/1
   259 | D:1      | Gained mutation: You have a pair of small horns on your
                  | head. [demonic ancestry]
   259 | D:1      | Reached XP level 2. HP: 22/24 MP: 2/2
   469 | D:1      | Found a faded altar of an unknown god.
   778 | D:1      | Gained mutation: You regenerate magic rapidly. [demonic
                  | ancestry]
   778 | D:1      | Reached XP level 3. HP: 29/29 MP: 3/3
  1275 | D:2      | Reached skill level 1 in Dodging
  2051 | D:3      | Gained mutation: You have large cloven feet. [demonic
                  | ancestry]
  2051 | D:3      | Reached XP level 4. HP: 26/35 MP: 4/4
  2161 | D:3      | Found a blossoming altar of Fedhas.
  2526 | D:3      | Found an ornate altar of the Wu Jian Council.
  2606 | D:4      | Found an iron altar of Okawaru.
  2666 | D:4      | Became a worshipper of Warmaster Okawaru
  2671 | D:4      | Found Duphuhesh's Magic Scroll Shoppe.
  2756 | D:4      | Gained mutation: You have a pair of horns on your head.
                  | [demonic ancestry]
  2756 | D:4      | Reached XP level 5. HP: 32/41 MP: 5/5
  2765 | D:4      | Mangled by a gnoll

Illustrated notes

Levels and vault maps discovered:
D:1:      saegor_arrival_simple_a, layout_loops_cross,
          shapermc_ecumenical_altar_totnotflames
D:2:      layout_loops_ring, glass_columns_b
D:3:      layout_loops_ring, mainiacjoe_overflow_concentric_impassable,
          pdpol_wu_jian_five_deadly_venoms, st_stairs_9
D:4:      layout_basic, kennysheep_mini_moat, mainiacjoe_overflow_alcove_4,
          lightli_sewer_entry_pipes, serial_shops, nicolae_diamond_shop,
          minmay_manual_mares

Skill      XL: |  1  2  3  4 |
---------------+-------------+-----
Axes           | 2 3 |  3.1
Shields        | 3 |  3.2
Armour         | 3 |  3.2
Dodging        | 1 |  1.4
Fighting       | |  3.6
Invocations    | |  0.7

Action                   |  1- 3 |  4- 6 || total
-------------------------+-------+-------++-------
Melee: War axe           |   140 |    41 ||   181
       Headbutt          |    14 |     7 ||    21
       Kick              |       |    10 ||    10
  Use: Scroll            |     2 |     2 ||     4
Armor: Scale mail        |    47 |    11 ||    58
Dodge: Dodged            |    50 |    14 ||    64
Block: Kite shield       |    92 |    36 ||   128
       Reflection        |     1 |       ||     1
